 Dungeon Crawl Stone Soup version 0.20.1-1-g8b1a95d (webtiles) character file.

29282 Gukra the Severer (level 13, -12/113 HPs)
             Began as a Hill Orc Monk on Sept 13, 2017.
             Was a High Priest of Makhleb.
             Killed from afar by a rime drake (27 damage)
             ... with a flash freeze
             ... on level 4 of the Lair of Beasts on Sept 16, 2017.
             The game lasted 01:52:30 (17181 turns).

Gukra the Severer (Hill Orc Monk)                  Turns: 17181, Time: 01:52:31

Health: -12/113    AC: 13    Str: 19    XL:     13   Next: 44%
Magic:  19/19      EV: 12    Int: 10    God:    Makhleb [*****.]
Gold:   683        SH:  8    Dex: 13    Spells: 4/20 levels left

rFire    + . .     SeeInvis +   I - +3 war axe "Yddalauv" {chop, *Drain +Inv +Fly}
rCold    . . .     Gourm    .   i - +3 warlock's mirror {reflect}
rNeg     . . .     Faith    .   Y - +0 troll leather armour
rPois    .         Spirit   .   D - +1 helmet {SInv}
rElec    .         Reflect  +   t - +0 cloak
rCorr    .         Harm     .   f - +0 pair of gloves
MR       .....                  X - +1 pair of boots
Stlth    ++........             K - amulet of magic regeneration
Regen    0.7/turn               C - ring of wizardry
MPRegen  0.3/turn               u - ring of protection from fire

@: lethally poisoned (-12 -> -18)
A: low mp 1, screaming 1, wild magic 1
a: Minor Destruction, Lesser Servant of Makhleb, Major Destruction, Greater
Servant of Makhleb, Renounce Religion, Evoke Invisibility, Evoke Flight


You were on level 4 of the Lair of Beasts.
You worshipped Makhleb.
Makhleb was extremely pleased with you.
You were not hungry.

You visited 3 branches of the dungeon, and saw 17 of its levels.
You also visited: Labyrinth, Ossuary and Volcano.

You collected 998 gold pieces.
You spent 315 gold pieces at shops.

Inventory:

Hand Weapons
 I - the +3 war axe "Yddalauv" (weapon) {chop, *Drain +Inv +Fly}
   (You found it on level 4 of the Dungeon)

   It inflicts extra damage upon your enemies.
   It lets you turn invisible.
   It lets you fly.
   It causes draining when unequipped.
Missiles
 d - 11 tomahawks (quivered)
 m - 23 poisoned needles
 Z - 3 throwing nets
Armour
 f - a +0 pair of gloves (worn)
 i - the +3 warlock's mirror (worn) {reflect}
   (You found it on level 10 of the Dungeon)
 t - a +0 cloak (worn)
 D - a +1 helmet of see invisible (worn)
 V - the +3 scale mail "Tataf" {rF++ rC+}
   (You found it in a labyrinth)

   It greatly protects you from fire.
   It protects you from cold.
 X - a +1 pair of boots (worn)
 Y - a +0 troll leather armour (worn)
Magical Staves
 a - an uncursed staff of death {unknown}
Jewellery
 p - an uncursed ring of resist corrosion
 r - an uncursed ring of fire
 u - a ring of protection from fire (right hand)
 y - an uncursed ring of protection from cold
 C - a ring of wizardry (left hand)
 H - an uncursed ring of wizardry
 K - an amulet of magic regeneration (around neck)
 N - an uncursed ring of magical power
 O - an uncursed amulet of the gourmand {unknown}
 W - an uncursed amulet of harm
Wands
 h - a wand of acid (0/15)
 G - a wand of polymorph (14/24)
 J - a wand of iceblast (2/15)
 L - a wand of iceblast (1/15)
 R - a wand of lightning (5/15)
 S - a wand of iceblast (10/15)
Scrolls
 b - 2 scrolls of enchant armour
 n - 6 scrolls of teleportation
 o - 3 scrolls of remove curse
 s - 2 scrolls of blinking
 w - a scroll of magic mapping
 Q - a scroll of recharging
 T - 2 scrolls of enchant weapon
Potions
 e - a potion of heal wounds
 g - 4 potions of brilliance
 l - 5 potions of curing
 v - a potion of ambrosia
 x - 3 potions of haste
 z - 4 potions of flight
 A - 3 potions of might
 B - 2 potions of berserk rage
 E - 2 potions of invisibility
 F - 3 potions of cancellation
 U - a potion of agility
Books
 q - a book of Conjurations

   Spells                             Type                      Level
   a - Magic Dart                     Conjuration                  1
   b - Searing Ray                    Conjuration                  2
   c - Dazzling Spray                 Conjuration/Hexes            3
   d - Fulminant Prism                Conjuration/Hexes            4
   e - Force Lance                    Conjuration/Translocation    4
   f - Iskenderun's Mystic Blast      Conjuration                  4
Comestibles
 c - 4 bread rations
 j - 4 meat rations
 k - 10 fruits
 M - a royal jelly


   Skills:
 - Level 10.1 Fighting
 + Level 17.5 Axes
 + Level 2.2 Throwing
 * Level 8.9 Armour
 - Level 2.4 Dodging
 - Level 1.5 Stealth
 - Level 4.0 Shields
 - Level 4.0 Spellcasting
 + Level 0.2 Conjurations
 - Level 4.7 Hexes
 - Level 2.4 Charms
 - Level 3.6 Necromancy
 - Level 0.4 Translocations
 - Level 11.1 Invocations
 - Level 2.2 Evocations


You had 4 spell levels left.
You knew the following spells:

 Your Spells              Type           Power        Failure   Level  Hunger
a - Confuse               Hex            ##......     7%          3    ###....
b - Shroud of Golubria    Chrm/Tloc      #.........   13%         2    ##.....
c - Confusing Touch       Hex            ##....       2%          1    #......
d - Song of Slaying       Chrm           #.......     9%          2    ##.....
e - Infusion              Chrm           #...         6%          1    #......
f - Magic Dart            Conj           #...         14%         1    #......
g - Spectral Weapon       Hex/Chrm       ##......     12%         3    ###....
r - Regeneration          Chrm/Necr      ##........   14%         3    ###....


Dungeon Overview and Level Annotations

Branches:
Dungeon (12/15)            Temple (1/1) D:5            Lair (4/6) D:11
    Orc (0/2) D:9
  Swamp: Lair:2-4    Shoals: Lair:2-4     Snake: Lair:2-4    Spider: Lair:2-4

Altars:
Ashenzari
Cheibriados
Dithmenos
Elyvilon
Fedhas
Gozag
Hepliaklqana
Kikubaaqudgha
Makhleb
Nemelex Xobeh
Okawaru
Qazlal
Ru
Sif Muna
Trog
Uskayaw
Vehumet
Xom
Yredelemnul
Zin
The Shining One

Shops:
D:7 =   D:8 !   D:10 (


Innate Abilities, Weirdness & Mutations

Your magical capacity is low. (-10% MP)
You occasionally shout uncontrollably at your foes.
Your spells are a little harder to cast, but a little more powerful.


Message History

The yak gores you. The yak gores you. The bullfrog closely misses you.
The rime drake breathes ice at you. The flash freeze hits you!
You are encased in ice.
The bullfrog barely misses you. The spiny frog stings you!
* * * LOW HITPOINT WARNING * * *
You are poisoned.
The spiny frog poisons you!
The rime drake bites you but does no damage.
You feel very sick. The spiny frog misses you.
The rime drake bites you but does no damage.
The bullfrog completely misses you. The ice encasing you melts away.
You feel sick. The rime drake breathes ice at you. The flash freeze hits you!
You die...

.#..##.##.#.###.# #
..............#..#.#
..................#.
....................
........<...........
.........Y..........
........DY..........
....<...kFY..?......
.......@.FY.........
.....<..............
................!...
..............####.#
...##.P..##.### ##
## ####.#### ###


You could see an eight-headed hydra, 4 yaks, a spiny frog, a rime drake and a
bullfrog.

Vanquished Creatures
  Erolcha (D:9)
  Harold (Lair:2)
  A queen ant (Lair:2)
  2 two-headed ogres
  Nergalle (Lair:3)
  3 wizards (D:10)
  A lindwurm (Volcano)
  An elephant (D:11)
  Maurice (D:8)
  A black mamba (Lair:2)
  A toenail golem (Volcano)
  A molten gargoyle (Volcano)
  4 spiny frogs
  2 torpor snails
  2 rime drakes
  2 centaur skeletons (D:10)
  5 komodo dragons
  3 efreet (Volcano)
  2 trolls
  Prince Ribbit (D:5)
  3 hippogriffs
  Grinder (D:4)
  4 blink frogs
  A redback (Lab)
  21 yaks
  2 basilisks
  5 fire elementals (Volcano)
  Menkaure (D:5)
  4 hungry ghosts
  13 soldier ants
  5 water moccasins
  5 porcupines
  2 phantoms
  A sky beast (D:10)
  2 ice beasts
  5 ogres
  An orc warrior (D:6)
  An eye of draining (D:10)
  A wolf (Lair:2)
  7 centaurs
  2 big kobolds
  7 crocodiles
  Blork the orc (D:5)
  4 earth elementals (Volcano)
  6 bullfrogs
  A wyvern zombie (D:10)
  A water moccasin zombie (D:4)
  2 scorpions (D:5)
  8 killer bees (D:7)
  2 electric eels (Lair:3)
  3 howler monkeys
  2 crimson imps
  A centaur zombie (D:4)
  A bullfrog zombie (D:4)
  5 hounds
  A quasit (D:9)
  2 lava snakes (Lab)
  6 orc wizards
  4 bullfrog skeletons
  4 orc priests
  4 jellies
  5 iguanas
  42 worker ants
  3 hound zombies (D:4)
  4 hound skeletons
  14 mummies
  3 worker ant zombies (D:4)
  A howler monkey skeleton (D:4)
  8 adders
  5 shadow imps
  2 oozes (D:2)
  An adder zombie (D:5)
  4 adder skeletons
  4 worms
  A dart slug (D:3)
  4 leopard geckos
  36 orcs
  2 bats
  4 giant cockroaches
  3 goblins
  8 hobgoblins
  7 jackals
  18 kobolds
  5 quokkas
  2 ball pythons
  2 frilled lizards
  3 giant cockroach zombies
  3 gnoll skeletons (Ossuary)
  A goblin skeleton (Ossuary)
  A jackal skeleton (D:5)
  A jackal zombie (D:4)
  2 kobold skeletons (Ossuary)
  2 kobold zombies (D:4)
  A leopard gecko skeleton (D:4)
  A leopard gecko zombie (D:4)
  2 orc skeletons (Ossuary)
  2 quokka zombies
  6 rats
  11 rat skeletons (Ossuary)
  A plant (Lair:2)
413 creatures vanquished.

Vanquished Creatures (collateral kills)
  A minotaur (Lab)
  The ghost of Azure the Carver, a novice DsFi of Cheibriados (D:8)
  A lindwurm (Volcano)
  An ugly thing (D:10)
  A yak (Lair:3)
  A basilisk (D:11)
  A hungry ghost (D:7)
  A jelly (D:9)
  2 lava snakes (Lab)
  An orc priest (D:9)
  An orc wizard (D:9)
  2 orcs (D:9)
  A jackal (D:7)
  A quokka (D:7)
16 creatures vanquished.

Vanquished Creatures (others)
  A fire vortex (Volcano)
  A fungus (Lair:3)
  5 spectral weapons
7 creatures vanquished.

Grand Total: 436 creatures vanquished

Notes
Turn   | Place    | Note
-------+----------+-------------------------------------------
     0 | D:1      | Gukra the Hill Orc Monk began the quest for the Orb.
     0 | D:1      | Reached XP level 1. HP: 19/19 MP: 1/1
   351 | D:1      | Reached XP level 2. HP: 20/27 MP: 2/2
   455 | D:1      | Reached skill level 1 in Armour
   703 | D:2      | Reached XP level 3. HP: 20/33 MP: 3/3
   951 | D:2      | Found a blossoming altar of Fedhas.
  1044 | D:2      | Reached skill level 5 in Axes
  1066 | D:2      | Found an iron altar of Okawaru.
  1352 | D:3      | Found a glowing silver altar of Zin.
  1452 | D:3      | Reached XP level 4. HP: 40/40 MP: 4/4
  2250 | D:3      | Found a radiant altar of Vehumet.
  2418 | D:4      | Noticed Grinder
  2462 | D:4      | Paralysed by Grinder for 3 turns
  2489 | D:4      | Found a sand-covered staircase.
  2516 | Ossuary  | Entered an ossuary
  2780 | Ossuary  | Reached XP level 5. HP: 16/47 MP: 5/5
  3440 | Ossuary  | Reached skill level 6 in Axes
  3790 | Ossuary  | Reached XP level 6. HP: 18/53 MP: 6/6
  4654 | D:4      | Reached skill level 7 in Axes
  4672 | D:4      | Paralysed by Grinder for 3 turns
  4680 | D:4      | Paralysed by Grinder for 5 turns
  4698 | D:4      | Killed Grinder
  4698 | D:4      | Reached skill level 5 in Fighting
  4698 | D:4      | Reached skill level 5 in Armour
  4698 | D:4      | Reached XP level 7. HP: 10/61 MP: 7/7
  4914 | D:4      | Reached skill level 8 in Axes
  5509 | D:4      | Reached XP level 8. HP: 54/70 MP: 8/8
  5799 | D:4      | Got a sapphire war axe
  5800 | D:4      | Identified the +3 war axe "Yddalauv" {chop, *Drain +Inv +Fly} (You found it on level 4 of the Dungeon)
  5887 | D:5      | Entered Level 5 of the Dungeon
  5889 | D:5      | Noticed Blork the orc
  5890 | D:5      | Noticed Prince Ribbit
  5908 | D:5      | Killed Blork the orc
  5908 | D:5      | Reached skill level 9 in Axes
  5909 | D:5      | Killed Prince Ribbit
  6189 | D:5      | Noticed Menkaure
  6195 | D:5      | Killed Menkaure
  6327 | D:5      | Reached skill level 10 in Axes
  6478 | D:5      | Learned a level 3 spell: Confuse
  6556 | D:5      | Found a shattered altar of Ashenzari.
  6568 | D:5      | Found a staircase to the Ecumenical Temple.
  6588 | Temple   | Entered the Ecumenical Temple
  6619 | Temple   | Became a worshipper of Makhleb the Destroyer
  6619 | Temple   | Reached * piety under Makhleb
  6619 | Temple   | Reached ** piety under Makhleb
  6831 | D:5      | Reached XP level 9. HP: 63/78 MP: 9/9
  7119 | D:6      | Reached skill level 1 in Invocations
  7234 | D:6      | Reached skill level 11 in Axes
  7234 | D:6      | Reached skill level 1 in Hexes
  7318 | D:6      | Reached skill level 1 in Spellcasting
  7352 | D:6      | Learned a level 2 spell: Shroud of Golubria
  7366 | D:6      | Learned a level 3 spell: Regeneration
  7586 | D:6      | Reached skill level 1 in Necromancy
  7905 | D:7      | Found Widaus's Jewellery Shop.
  7911 | D:7      | Bought an uncursed ring of see invisible for 195 gold pieces
  8068 | D:7      | Learned a level 2 spell: Song of Slaying
  8082 | D:7      | Found a shadowy altar of Dithmenos.
  8144 | D:7      | Reached skill level 1 in Charms
  8429 | D:7      | Reached XP level 10. HP: 52/86 MP: 11/14
  8440 | D:7      | Reached *** piety under Makhleb
  8442 | D:7      | Reached skill level 1 in Evocations
  9012 | D:8      | Found Mynkahu's Distillery.
  9018 | D:8      | Bought a potion of degeneration for 12 gold pieces
  9018 | D:8      | Bought a potion of agility for 48 gold pieces
  9018 | D:8      | Bought a potion of berserk rage for 60 gold pieces
  9245 | D:8      | Noticed Maurice
  9267 | D:8      | Killed Maurice
  9286 | D:8      | Noticed Azure's ghost (novice DsFi)
  9311 | D:8      | Killed Azure's ghost
 10035 | D:9      | Noticed Erolcha
 10069 | D:8      | Reached skill level 1 in Throwing
 10145 | D:9      | Found a glowing golden altar of the Shining One.
 10190 | D:9      | Reached skill level 12 in Axes
 10312 | D:9      | Found a staircase to the Orcish Mines.
 10350 | D:9      | Killed Erolcha
 10350 | D:9      | Reached **** piety under Makhleb
 10350 | D:9      | Reached XP level 11. HP: 92/92 MP: 14/17
 10413 | D:9      | Found a sacrificial altar of Ru.
 10509 | D:9      | Found an ancient bone altar of Kikubaaqudgha.
 10561 | D:9      | Noticed a two-headed ogre
 10567 | D:9      | Reached skill level 5 in Invocations
 10580 | D:9      | Killed a two-headed ogre
 10580 | D:9      | Reached skill level 13 in Axes
 10766 | D:9      | Learned a level 1 spell: Confusing Touch
 10999 | D:10     | Entered Level 10 of the Dungeon
 11159 | D:10     | Found Jauv's Weapon Shoppe.
 11664 | D:10     | Reached skill level 14 in Axes
 11685 | D:10     | Noticed a wizard
 11693 | D:10     | Killed a wizard
 11769 | D:10     | Noticed a wizard
 11777 | D:10     | Killed a wizard
 11792 | D:10     | Noticed a wizard
 11799 | D:10     | Paralysed by a wizard for 6 turns
 11808 | D:10     | Killed a wizard
 11926 | D:10     | Reached skill level 1 in Shields
 12241 | D:11     | Noticed a red ugly thing
 12358 | D:10     | Killed a red ugly thing
 12427 | D:11     | Found a staircase to the Lair.
 12430 | D:11     | Noticed a two-headed ogre
 12458 | D:11     | Killed a two-headed ogre
 12783 | D:11     | Reached XP level 12. HP: 100/100 MP: 18/18
 12926 | Lair:1   | Entered Level 1 of the Lair of Beasts
 12927 | Lair:1   | Gained mutation: Your magical capacity is low. (-10% MP) [potion of mutation]
 12927 | Lair:1   | Gained mutation: You occasionally shout uncontrollably at your foes. [potion of mutation]
 12927 | Lair:1   | Gained mutation: Your spells are a little harder to cast, but a little more powerful. [potion of mutation]
 12952 | Lair:1   | Found a dark tunnel.
 12975 | Lair:1   | Learned a level 1 spell: Infusion
 12977 | Lair:1   | Learned a level 1 spell: Magic Dart
 12981 | Lair:1   | Learned a level 3 spell: Spectral Weapon
 12983 | Volcano  | Entered a volcano
 13025 | Volcano  | Reached skill level 15 in Axes
 14483 | Lair:2   | Reached skill level 10 in Invocations
 14696 | Lair:2   | Reached skill level 16 in Axes
 14956 | Lair:2   | Noticed Harold
 14967 | Lair:2   | Killed Harold
 15035 | Lair:3   | Identified a scroll of acquirement
 15106 | Lair:3   | Found a labyrinth entrance.
 15121 | Lair:3   | Reached ***** piety under Makhleb
 15155 | Lair:3   | Reached XP level 13. HP: 67/111 MP: 19/19
 15392 | Lab      | Entered a labyrinth
 15843 | Lab      | Noticed a minotaur
 15881 | Lab      | Killed a minotaur
 15909 | Lab      | Got a polished scale mail
 15941 | Lab      | Identified the +3 scale mail "Tataf" {rF++ rC+} (You found it in a labyrinth)
 16022 | Lair:3   | Reached skill level 10 in Fighting
 16179 | Lair:3   | Noticed Nergalle
 16194 | Lair:3   | Killed Nergalle
 16296 | Lair:3   | Reached skill level 17 in Axes
 17181 | Lair:4   | Killed from afar by a rime drake

Skill      XL: |  1  2  3  4  5  6  7  8  9 10 11 12 13 |
---------------+----------------------------------------+-----
Armour         | 1 2 3 5 6 7 8 |  8.9
Fighting       | 4 5 6 7 9 10 | 10.1
Axes           | 5 6 7 8 10 11 12 14 16 17 | 17.5
Invocations    | 2 4 7 10 11 | 11.1
Hexes          | 3 4 |  4.7
Spellcasting   | 2 4 |  4.0
Necromancy     | 3 |  3.6
Charms         | 1 2 |  2.4
Evocations     | 2 |  2.2
Throwing       | 1 2 |  2.2
Shields        | 4 |  4.0
Dodging        | |  2.4
Stealth        | |  1.5
Conjurations   | |  0.2
Translocations | |  0.4

Action                   |  1- 3 |  4- 6 |  7- 9 | 10-12 | 13-15 || total
-------------------------+-------+-------+-------+-------+-------++-------
Melee: Hand axe          |   124 |   401 |   142 |       |       ||   667
       War axe           |       |       |   189 |   633 |   223 ||  1045
Throw: Tomahawk          |     1 |    11 |     3 |     9 |       ||    24
 Cast: Confuse           |       |       |     4 |     6 |       ||    10
       Regeneration      |       |       |     3 |    28 |    14 ||    45
       Shroud of Golubri |       |       |     2 |    10 |     2 ||    14
       Song of Slaying   |       |       |       |     4 |     2 ||     6
       Confusing Touch   |       |       |       |     3 |       ||     3
       Spectral Weapon   |       |       |       |     9 |     4 ||    13
       Infusion          |       |       |       |     2 |     3 ||     5
       Magic Dart        |       |       |       |     1 |       ||     1
Invok: Minor Destruction |       |       |     9 |    62 |    16 ||    87
       Lesser Servant of |       |       |       |     7 |     5 ||    12
 Abil: Evoke Invisibilit |       |       |     2 |     2 |       ||     4
       Evoke Flight      |       |       |       |     2 |       ||     2
Evoke: Wand              |       |       |       |     2 |     3 ||     5
  Use: Scroll            |     3 |       |    13 |    13 |     2 ||    31
       Potion            |       |     1 |       |     3 |     1 ||     5
 Stab: Sleeping          |       |       |     2 |     1 |       ||     3
       Invisible         |       |       |     5 |     5 |       ||    10
       Confused          |       |       |     1 |       |       ||     1
       Distracted        |       |       |       |     4 |       ||     4
  Eat: Chunk             |     2 |     3 |    13 |    28 |     7 ||    53
       Fruit             |       |     2 |     2 |       |       ||     4
       Meat ration       |       |     1 |       |     1 |       ||     2
       Bread ration      |       |       |       |       |     1 ||     1
Armor: Chain mail        |    49 |   156 |   130 |       |       ||   335
       Robe              |     2 |       |    20 |    18 |       ||    40
       Skin              |       |    10 |       |       |       ||    10
       Plate armour      |       |       |       |    14 |       ||    14
       Troll leather arm |       |       |       |   115 |    53 ||   168
       Leather armour    |       |       |       |     5 |       ||     5
Dodge: Dodged            |    44 |   109 |   188 |   282 |    78 ||   701
Block: Buckler           |       |       |       |    80 |    65 ||   145
       Reflection        |       |       |       |     1 |     4 ||     5
